 Dungeon Crawl Stone Soup version 0.23-a0-417-gf02c810 (webtiles) character file.

1852 George the Carver (level 8, -10/68 HPs)
             Began as a Minotaur Fighter on Nov 10, 2018.
             Was an Initiate of the Shining One.
             Mangled by an orc warrior
             ... wielding a +0 trident
              (16 damage)
             ... on level 8 of the Dungeon.
             The game lasted 00:10:23 (6565 turns).

George the Carver (Minotaur Fighter)                Turns: 6565, Time: 00:10:24

Health: -10/68     AC:  6    Str: 24    XL:     8   Next: 88%
Magic:  8/8        EV:  7    Int:  5    God:    the Shining One [......]
Gold:   318        SH: 10    Dex:  9    Spells: 7/7 levels left

rFire    . . .     SeeInvis +   a - +0 long sword
rCold    . . .     Gourm    .   c - +0 shield
rNeg     + . .     Faith    .   p - +1 chain mail {rN+}
rPois    +         Spirit   .   (helmet restricted)
rElec    .         Reflect  .   (no cloak)
rCorr    .         Harm     .   (no gloves)
MR       .....                  (no boots)
Stlth    ..........             (no amulet)
HPRegen  0.21/turn              m - ring of poison resistance
MPRegen  0.11/turn              C - ring of see invisible

@: corroded, glowing
A: retaliatory headbutt, horns 2
a: Renounce Religion


You were on level 8 of the Dungeon.
You worshipped the Shining One.
The Shining One was noncommittal.
You were hungry.

You visited 2 branches of the dungeon, and saw 9 of its levels.
You also visited: Sewer.

You collected 318 gold pieces.

Inventory:

Hand Weapons
 a - a +0 long sword (weapon)
Armour
 c - a +0 shield (worn)
 p - a +1 chain mail of positive energy (worn)
Jewellery
 m - a ring of poison resistance (left hand)
 A - a +2 ring of evasion {unknown}
 C - a ring of see invisible (right hand)
Wands
 y - a wand of paralysis (4)
Scrolls
 e - 9 scrolls of identify {unknown}
 g - 5 scrolls of remove curse {unknown}
 h - 4 scrolls of teleportation {unknown}
 i - 4 scrolls of noise {unknown}
 j - 2 scrolls of blinking {unknown}
 o - 2 scrolls of magic mapping {unknown}
 q - a scroll of enchant armour {unknown}
 t - a scroll of immolation {unknown}
 u - 3 scrolls of amnesia {unknown}
 w - a scroll of vulnerability {unknown}
 B - a scroll of fog {unknown}
Potions
 b - 5 potions of heal wounds {unknown}
 d - a potion of might
 k - 3 potions of haste {unknown}
 l - 2 potions of ambrosia {unknown}
 n - 2 potions of curing {unknown}
 r - a potion of agility {unknown}
 s - a potion of brilliance {unknown}
 v - 2 potions of flight {unknown}
 x - 3 potions of lignification {unknown}
 z - a potion of degeneration {unknown}
Comestibles
 f - 8 rations


   Skills:
 + Level 5.2 Fighting
 + Level 11.2 Long Blades
 + Level 5.2 Armour
 + Level 3.1 Dodging
 + Level 5.1 Shields
 + Level 2.2 Invocations


You had 7 spell levels left.
You didn't know any spells.
Your spell library contained the following spells:

 Spells                   Type           Power        Failure   Level  Hunger
 Magic Dart               Conj           #...         100%        1    ##.....
 Blink                    Tloc           N/A          100%        2    ###....
 Call Imp                 Summ           #.......     100%        2    ###....
 Slow                     Hex            #.......     100%        2    ###....
 Conjure Flame            Conj/Fire      #.......     100%        3    ####...
 Mephitic Cloud           Conj/Pois/Air  #.......     100%        3    ####...


Dungeon Overview and Level Annotations

Branches:
Dungeon (8/15)             Temple (1/1) D:5
   Lair: D:8-11

Altars:
Ashenzari
Cheibriados
Dithmenos
Elyvilon
Fedhas
Gozag
Hepliaklqana
Kikubaaqudgha
Makhleb
Nemelex Xobeh
Okawaru
Qazlal
Ru
Trog
Uskayaw
Vehumet
Xom
Yredelemnul
Zin
The Shining One

Shops:
D:7 [


Innate Abilities, Weirdness & Mutations

You reflexively headbutt those who attack you in melee.
You have a pair of horns on your head.


Message History

The jelly is lightly wounded.
You block the jelly's attack. The orc hits you but does no damage.
The orc barely misses you.
The orc warrior hits you but does no damage.
The jelly hits you. The acid corrodes you!
You are splashed with acid!
The acid burns!
The orc hits you but does no damage.
You slash the jelly!
Your hands burn!
You headbutt the jelly, but do no damage.
The jelly is severely wounded.
The orc hits you from afar with a +0 trident.
* * * LOW HITPOINT WARNING * * *
You block the orc warrior's attack. The orc hits you but does no damage.
The jelly hits you but does no damage.
You hit the jelly but do no damage. The acid corrodes you!
Your hands burn!
* * * LOW HITPOINT WARNING * * *
The jelly is severely wounded.
The orc hits you from afar with a +0 trident!
* * * LOW HITPOINT WARNING * * *
The orc warrior hits you from afar with a +0 trident!
You die...

..............##..
#.##..........# #.
######......####
.....#......## .
.........##..##..
........###.....
#.#.....#.#..##. #
##..#%.....#
#..#..@J###
##...##o..# ##..#
oo.# #### #..#
.... ##... ....
.##


You could see an orc warrior, a jelly and 2 orcs.

Vanquished Creatures
  A water moccasin (D:5)
  Duvessa (D:4)
  An orc warrior (D:8)
  2 ice beasts
  A phantom (D:4)
  2 ogres
  A big kobold (Sewer)
  A bullfrog (D:6)
  Dowan (D:4)
  A crimson imp (D:2)
  A centaur zombie (D:8)
  4 hounds
  A jelly (D:6)
  3 orc wizards
  An orc priest (D:4)
  5 worker ants
  Terence (D:2)
  Natasha (thrice) (D:2)
  An iguana (D:6)
  A killer bee zombie (D:6)
  A hound zombie (D:7)
  2 worker ant zombies
  4 gnolls (D:2)
  10 adders
  A river rat (Sewer)
  An ooze (D:1)
  2 adder skeletons
  2 worms
  3 dart slugs
  5 leopard geckos
  25 orcs
  9 bats
  2 giant cockroaches
  6 goblins
  8 hobgoblins
  15 jackals
  3 quokkas
  5 ball pythons
  5 frilled lizards
  A jackal skeleton (D:4)
  15 kobolds
  9 rats
167 creatures vanquished.

Notes
Turn   | Place    | Note
-------+----------+-------------------------------------------
     0 | D:1      | George the Minotaur Fighter began the quest for the Orb.
     0 | D:1      | Reached XP level 1. HP: 19/19 MP: 0/0
     4 | D:1      | Reached skill level 3 in Long Blades
    37 | D:1      | Reached XP level 2. HP: 21/26 MP: 1/1
    94 | D:1      | Reached skill level 4 in Long Blades
   125 | D:1      | Reached XP level 3. HP: 7/31 MP: 2/2
   700 | D:2      | Noticed Natasha
   718 | D:2      | Killed Natasha
   718 | D:2      | Reached skill level 5 in Long Blades
   718 | D:2      | Reached XP level 4. HP: 6/39 MP: 3/3
   919 | D:2      | Noticed Natasha
   932 | D:2      | Killed Natasha
   932 | D:2      | Reached skill level 6 in Long Blades
  1158 | D:2      | Found an opulent altar of Gozag.
  1230 | D:2      | Reached XP level 5. HP: 45/45 MP: 4/4
  1266 | D:2      | Found a shadowy altar of Dithmenos.
  1283 | D:2      | Found a hazy altar of Hepliaklqana.
  1387 | D:2      | Noticed Natasha
  1395 | D:2      | Killed Natasha
  1395 | D:2      | Reached skill level 7 in Long Blades
  1574 | D:2      | Noticed Terence
  1589 | D:2      | Killed Terence
  1771 | D:2      | Reached XP level 6. HP: 51/51 MP: 5/5
  1985 | D:3      | Reached skill level 8 in Long Blades
  2054 | D:3      | Found a bloodstained altar of Trog.
  2230 | D:3      | Found a shattered altar of Ashenzari.
  2230 | D:3      | Found a shimmering altar of Xom.
  2856 | D:4      | Reached skill level 9 in Long Blades
  3151 | D:4      | Reached XP level 7. HP: 42/57 MP: 6/6
  3642 | D:4      | Noticed Duvessa
  3642 | D:4      | Noticed Dowan
  3655 | D:4      | Killed Duvessa
  3655 | D:4      | Reached skill level 10 in Long Blades
  3671 | D:4      | Killed Dowan
  3985 | D:5      | Entered Level 5 of the Dungeon
  4088 | D:5      | Reached skill level 1 in Dodging
  4154 | D:5      | Found a staircase to the Ecumenical Temple.
  4304 | D:5      | Found a glowing drain.
  4321 | Sewer    | Entered a sewer
  4327 | Sewer    | Reached XP level 8. HP: 66/66 MP: 7/7
  4423 | Sewer    | Found a white marble altar of Elyvilon.
  4631 | Temple   | Entered the Ecumenical Temple
  4652 | Temple   | Became a worshipper of the Shining One
  4991 | D:6      | Reached skill level 1 in Invocations
  5078 | D:6      | Reached skill level 11 in Long Blades
  5152 | D:6      | Found a glowing silver altar of Zin.
  6080 | D:7      | Found Sobytagh's Antique Armour Emporium.
  6088 | D:7      | Reached skill level 5 in Fighting
  6119 | D:7      | Found a sacrificial altar of Ru.
  6119 | D:7      | Found a sparkling altar of Nemelex Xobeh.
  6308 | D:7      | Reached skill level 5 in Armour
  6476 | D:8      | Reached skill level 5 in Shields
  6499 | D:8      | Found a shimmering altar of Xom.
  6565 | D:8      | Mangled by an orc warrior

Vault maps used:
D:1:      dpeg_arrival_tiny_a
D:2:      nicolae_dithmenos_through_a_glass_darkly, grunt_gozag_statues,
          nicolae_overflow_hidden_temple, hangedman_decor_peaks_small,
          uniq_terence, uniq_natasha
D:3:      old_standard_altar, gammafunk_temple_overflow_pools, first_ration
D:4:      uniq_duvessa
D:5:      minmay_temple_entry_mist, cheibrodos_sewer_entry_bend
D:6:      zin_statuary, kennysheep_pointless_box
D:7:      chequers_temple_overflow_statue_of_worship, serial_shops, shop
D:8:      basic_altar, hangedman_little_slice_of_home
Temple:   jpeg_temple_clearing
Sewer:    sewer_kobolds

Skill      XL: |  1  2  3  4  5  6  7  8 |
---------------+-------------------------+-----
Long Blades    | 3 4 5 6 7 9 10 11 | 11.2
Dodging        | 1 3 |  3.1
Fighting       | 4 5 |  5.2
Armour         | 5 |  5.2
Shields        | 5 |  5.1
Invocations    | 2 |  2.2

Action                   |  1- 3 |  4- 6 |  7- 9 || total
-------------------------+-------+-------+-------++-------
Melee: Long sword        |    83 |   203 |   271 ||   557
       Headbutt          |    10 |    39 |    47 ||    96
  Eat: Chunk             |       |     8 |    10 ||    18
Armor: Scale mail        |    43 |       |       ||    43
       Chain mail        |    19 |    80 |   118 ||   217
Dodge: Dodged            |    31 |    26 |    49 ||   106
Block: Shield            |    52 |   100 |   114 ||   266
       Rpst.: Long sword |     7 |     6 |    17 ||    30

Table legend:
 A = Non-vault XP
 B = Vault XP
 C = Vault XP percentage of total XP
 D = Non-vault monster count
 E = Vault monster count
 F = Vault count percentage of total count
                 A         B        C        D         E       F
            +---------+---------+-------+---------+---------+-------
      Total |    2223 |     424 |  16.0 |     151 |      16 |   9.6
            +---------+---------+-------+---------+---------+-------
        D:1 |      50 |       0 |   0.0 |      23 |       0 |   0.0
        D:2 |     273 |      71 |  20.6 |      36 |       2 |   5.3
        D:3 |      76 |       0 |   0.0 |      26 |       0 |   0.0
        D:4 |     538 |     218 |  28.8 |      22 |       2 |   8.3
        D:5 |     189 |       5 |   2.6 |       5 |       1 |  16.7
        D:6 |     458 |       0 |   0.0 |      20 |       0 |   0.0
        D:7 |     372 |       0 |   0.0 |      11 |       0 |   0.0
        D:8 |     267 |       0 |   0.0 |       8 |       0 |   0.0
      Sewer |       0 |     130 | 100.0 |       0 |      11 | 100.0
            +---------+---------+-------+---------+---------+-------
